 Dungeon Crawl Stone Soup version 0.23.2 (webtiles) character file.

Game seed: 17466629071720371915

1032 KOK29364 the Magician (level 8, -2/61 HPs)
             Began as a Grey Draconian Air Elementalist on Apr 8, 2019.
             Was an Initiate of Wu Jian.
             Slain by an orc warrior
             ... wielding a +0 glaive
              (5 damage)
             ... on level 4 of the Dungeon.
             The game lasted 00:32:38 (6209 turns).

KOK29364 the Magician (DrAE)                        Turns: 6209, Time: 00:32:38

Health: -2/61      AC: 11    Str: 11    XL:     8   Next: 3%
Magic:  1/15       EV: 13    Int: 16    God:    Wu Jian [......]
Gold:   203        SH:  0    Dex: 13    Spells: 1/16 levels left

rFire    . . .     SeeInvis .   f - +0 dagger (drain)
rCold    . . .     Gourm    .   (no shield)
rNeg     . . .     Faith    .   (armour unavailable)
rPois    .         Spirit   .   (helmet restricted)
rElec    .         Reflect  .   (no cloak)
rCorr    .         Harm     .   (no gloves)
MR       .....     Rnd*Tele +   (no boots)
Stlth    +.........             (no amulet)
HPRegen  0.20/turn              l - ring of teleportation (curse)
MPRegen  0.14/turn              b - ring of attention (curse)

@: no status effects
A: walk through water, unfitting armour, unbreathing, cold-blooded, AC +11
a: Renounce Religion


You were on level 4 of the Dungeon.
You worshipped Wu Jian.
Wu Jian was noncommittal.
You were very hungry.

You visited 1 branch of the dungeon, and saw 4 of its levels.

You collected 203 gold pieces.

Inventory:

Hand Weapons
 a - a +0 club
 f - a +0 dagger of draining (weapon)
 t - a +0 scythe
Missiles
 d - 75 sling bullets
 n - 59 arrows
 o - 12 poisoned needles
 y - 27 bolts
Armour
 j - a +0 robe
Jewellery
 b - a cursed ring of attention (right hand)
 c - an uncursed ring of positive energy
 l - a cursed ring of teleportation (left hand)
Wands
 m - a wand of flame (7)
 s - a wand of iceblast (11)
 x - a wand of random effects (22)
Scrolls
 u - 3 scrolls of teleportation
 v - a scroll of blinking
Potions
 e - 2 potions of haste
 g - a potion of agility {unknown}
 h - 2 potions of flight
 k - 2 potions of heal wounds
 p - a potion of might {unknown}
 q - a potion of lignification {unknown}
 r - 2 potions of cancellation {unknown}
 w - a potion of magic {unknown}
Comestibles
 i - 5 rations


   Skills:
 + Level 2.2 Fighting
 + Level 2.8 Short Blades
 + Level 0.3 Maces & Flails
 + Level 3.6 Dodging
 + Level 2.3 Stealth
 + Level 4.6 Spellcasting
 + Level 4.0 Conjurations
 + Level 4.1 Air Magic


You had one spell level left.
You knew the following spells:

 Your Spells              Type           Power        Failure   Level  Hunger
a - Shock                 Conj/Air       ###.         3%          1    None
b - Swiftness             Chrm/Air       ##......     11%         2    ##.....
c - Static Discharge      Conj/Air       ###.....     9%          3    ###....
d - Airstrike             Air            ###.......   28%         4    ####...
e - Lightning Bolt        Conj/Air       ###.......   63%         5    ######.

Your spell library contained the following spells:

 Spells                   Type           Power        Failure   Level  Hunger
 Animate Skeleton         Necr           N/A          16%         1    None
 Pain                     Necr           #...         16%         1    None
 Regeneration             Chrm/Necr      #.........   43%         3    ###....
 Vampiric Draining        Necr           #.........   43%         3    ###....
 Animate Dead             Necr           N/A          83%         4    ####...


Dungeon Overview and Level Annotations

Branches:
Dungeon (4/15)
 Temple: D:4-7

Altars:
Cheibriados
Wu Jian
Yredelemnul


Innate Abilities, Weirdness & Mutations

You can walk through water.
Your dull iron-grey scales are very hard. (AC +11)
You cannot fit into any form of body armour.
You can survive without breathing.
You are cold-blooded and may be slowed by cold attacks.


Message History

* * * LOW HITPOINT WARNING * * *
Casting: Shock (safe; 3% risk of failure)
Confirm with . or Enter, or press ? or * to list all spells.
Aiming: Shock (safe; 3% risk of failure)
Press: ? - help, Shift-Dir - straight line, f/p - orc warrior
Aim: an orc warrior, wielding a +0 glaive and wearing a +0 plate armour (almost dead, lightly drained)
The zap hits the orc warrior.
The orc warrior is almost dead.
The orc warrior completely misses you.
The orc warrior hits you but does no damage.
Casting: Shock (safe; 3% risk of failure)
Confirm with . or Enter, or press ? or * to list all spells.
Aiming: Shock (safe; 3% risk of failure)
Press: ? - help, Shift-Dir - straight line, f/p - orc warrior
Aim: an orc warrior, wielding a +0 glaive and wearing a +0 plate armour (almost dead, lightly drained)
The zap hits the orc warrior but does no damage.
The orc warrior is almost dead.
The orc warrior misses you.
The orc warrior hits you from afar with a +0 glaive.
You die...

### ####.##############
#.................#
..####.#..# #..........#
..........###..........#
#....@............#
##...###..........#
##o## #..........# #.#
#..........# #)#
#..........# ##'##
##.........# ##.).##
###)####### # ##.....##
#.)### ##
##.......###.)).## #.


You could see an orc warrior.

Vanquished Creatures
  Sigmund (D:4)
  2 ogres (D:4)
  A scorpion (D:3)
  3 hounds
  3 orc wizards (D:3)
  A gnoll shaman (D:4)
  An iguana (D:4)
  Natasha (thrice) (D:3)
  2 worker ants (D:4)
  Robin (D:2)
  9 gnolls
  9 adders
  2 oozes
  A worm (D:3)
  4 dart slugs
  3 leopard geckos
  10 orcs
  A ball python (D:2)
  4 bats
  3 giant cockroaches
  13 goblins
  14 hobgoblins
  4 jackals (D:1)
  3 quokkas
  8 frilled lizards
  7 kobolds
  6 rats
119 creatures vanquished.

Notes
Turn   | Place    | Note
-------+----------+-------------------------------------------
     0 | D:1      | KOK29364 the Draconian Air Elementalist began the quest for
                  | the Orb.
     0 | D:1      | Reached XP level 1. HP: 14/14 MP: 3/3
   251 | D:1      | Reached XP level 2. HP: 19/20 MP: 0/5
   929 | D:1      | Learned a level 2 spell: Swiftness
   954 | D:1      | Reached XP level 3. HP: 26/26 MP: 2/6
  1302 | D:2      | Noticed Robin
  2000 | D:2      | Killed Robin
  2000 | D:2      | Reached XP level 4. HP: 30/34 MP: 5/7
  2814 | D:2      | Reached XP level 5. HP: 39/39 MP: 6/9
  3293 | D:3      | Reached skill level 1 in Fighting
  3442 | D:3      | Reached skill level 1 in Short Blades
  3504 | D:3      | Reached XP level 6. HP: 22/47 MP: 1/10
  3997 | D:3      | Found a snail-covered altar of Cheibriados.
  4084 | D:3      | Noticed Natasha
  4097 | D:3      | Killed Natasha
  4298 | D:3      | Noticed Natasha
  4307 | D:3      | Killed Natasha
  4614 | D:3      | Noticed Natasha
  4627 | D:3      | Killed Natasha
  5030 | D:4      | Your scales start taking on a dull iron-grey colour.
  5030 | D:4      | Reached XP level 7. HP: 38/53 MP: 8/13
  5030 | D:4      | Gained mutation: You can survive without breathing. [Grey
                  | Draconian growth]
  5120 | D:4      | Learned a level 3 spell: Static Discharge
  5125 | D:4      | Learned a level 4 spell: Airstrike
  5238 | D:4      | Noticed Sigmund
  5271 | D:4      | Killed Sigmund
  5608 | D:4      | Found an ornate altar of the Wu Jian Council.
  5719 | D:4      | Became a worshipper of the Wu Jian Council
  5749 | D:4      | Learned a level 5 spell: Lightning Bolt
  6032 | D:4      | Found a basalt altar of Yredelemnul.
  6184 | D:4      | Reached XP level 8. HP: 61/61 MP: 10/14
  6203 | D:4      | HP: 2/61 [orc warrior/+0 glaive (23)]
  6209 | D:4      | Slain by an orc warrior

Skill      XL: |  1  2  3  4  5  6  7  8 |
---------------+-------------------------+-----
Dodging        | 2 3 |  3.6
Stealth        | 2 |  2.3
Air Magic      | 4 3 4 |  4.1
Conjurations   | 2 3 4 |  4.0
Fighting       | 1 2 |  2.2
Spellcasting   | 3 4 |  4.6
Short Blades   | 1 2 |  2.8
Maces & Flails | |  0.3

Action                   |  1- 3 |  4- 6 |  7- 9 || total
-------------------------+-------+-------+-------++-------
Melee: Club              |    54 |       |       ||    54
       Tailslap          |     2 |     9 |     5 ||    16
       Dagger            |    13 |   142 |    54 ||   209
 Cast: Shock             |    47 |   113 |    45 ||   205
       Static Discharge  |       |       |     4 ||     4
Invok: Lunge             |       |       |     1 ||     1
  Use: Scroll            |     2 |     3 |     2 ||     7
  Eat: Chunk             |     2 |     5 |     3 ||    10
       Ration            |     1 |     1 |       ||     2
Armor: Skin              |    40 |    57 |    23 ||   120
Dodge: Dodged            |    62 |   120 |    45 ||   227
